 Dungeon Crawl Stone Soup version 0.18-b1-16-g289874d (webtiles) character file.

3155 Tarnath the Carver (level 9, -19/82 HPs)
             Began as a Minotaur Fighter on May 1, 2016.
             Was a Believer of Okawaru.
             Demolished by Joseph
             ... wielding a +0 quarterstaff
              (22 damage)
             ... on level 8 of the Dungeon.
             The game lasted 00:22:59 (5921 turns).

Tarnath the Carver (Minotaur Fighter)               Turns: 5921, Time: 00:23:00

Health: -19/82     AC: 17    Str: 20    XL:     9   Next: 62%
Magic:  9/9        EV:  8    Int:  5    God:    Okawaru [**....]
Gold:   520        SH: 11    Dex: 14    Spells: 0 memorised, 8 levels left

rFire  x . .     SeeInvis .     a - +1 long sword
rCold  + + .     Gourm    .     x - +4 ring mail {rC+}
rNeg   . . .     Faith    .     c - +1 shield
rPois  .         Spirit   .     (helmet restricted)
rElec  .         Dismiss  .     (no cloak)
rCorr  .         Reflect  .     h - +2 pair of gloves
SustAt .         Harm     .     A - +0 pair of boots
MR     .....                    (no amulet)
Stlth  +.........               y - +2 ring of protection (curse)
                                G - ring of ice

@: not resistant to hostile enchantments, very unstealthy
A: retaliatory headbutt, horns 2
a: Heroism, Renounce Religion


You were on level 8 of the Dungeon.
You worshipped Okawaru.
Okawaru was pleased with you.
You were not hungry.

You visited 2 branches of the dungeon, and saw 9 of its levels.
You also visited: Ossuary.

You collected 520 gold pieces.

Inventory:

Hand Weapons
 a - a +1 long sword (weapon)
Armour
 c - a +1 shield (worn)
 h - a +2 pair of gloves (worn)
 x - a +4 ring mail of cold resistance (worn)
 A - a +0 pair of boots (worn)
Jewellery
 e - an uncursed ring of protection from cold {unknown}
 n - an uncursed ring of flight
 y - a cursed +2 ring of protection (right hand)
 G - a ring of ice (left hand)
Wands
 b - a wand of iceblast (10/15)
 g - a wand of lightning (11/15)
 u - a wand of acid (6/15)
Scrolls
 i - 2 scrolls of remove curse
 l - 5 scrolls of teleportation
 m - a scroll of enchant weapon
 o - 5 scrolls of fog
 w - a scroll of magic mapping
Potions
 d - a potion of might
 j - 5 potions of haste
 p - 4 potions of agility
 q - a potion of curing
 r - a potion of cancellation
 t - 2 potions of lignification
 z - a potion of invisibility {unknown}
 C - a potion of berserk rage
 D - a potion of ambrosia {unknown}
 E - 2 potions of flight
 F - a potion of heal wounds {unknown}
Comestibles
 f - 6 bread rations
 k - 3 beef jerkies
 s - 2 meat rations
 v - a royal jelly


   Skills:
 + Level 8.5 Fighting
 * Level 11.3 Long Blades
 + Level 8.6 Armour
 + Level 4.8 Shields
 - Level 2.0 Invocations


You had 8 spell levels left.
You didn't know any spells.

Dungeon Overview and Level Annotations

Branches:
Dungeon (8/15)             Temple (1/1) D:4
   Lair: D:8-11

Altars:
Ashenzari
Dithmenos
Fedhas
Gozag
Kikubaaqudgha
Makhleb
Nemelex Xobeh
Okawaru
Pakellas
Qazlal
Ru
Sif Muna
Trog
Vehumet
Xom
Yredelemnul
Zin
The Shining One

Shops:
D:5 %

Annotations:
D:8 Joseph, Psyche


Innate Abilities, Weirdness & Mutations

You reflexively headbutt those who attack you in melee.
You have a pair of horns on your head.


Message History

Joseph is severely wounded.
Joseph hits you with a quarterstaff!!
* * * LOW HITPOINT WARNING * * *
Psyche says, "Please, could you die a little faster?"
Psyche hits you but does no damage. Space warps horribly around you!
* * * LOW HITPOINT WARNING * * *
Drink which item? (? for menu, Esc to quit)
Okay, then.
Evoke which item? (* to show all) (? for menu, Esc to quit)
Zapping:
u - a wand of acid {recharged} (will waste charges)
Press: ? - help, Shift-Dir - straight line, f - Joseph
Aim: Joseph, wielding a quarterstaff and wearing a leather armour (severely wounded, berserk, fast, unusually strong)
The bolt of acid hits Joseph.
Joseph is almost dead.
Evoking this partially-identified wand wasted a few charges.
You block Joseph's attack. You block Psyche's attack.
You slash Joseph! Your headbutt misses Joseph.
Joseph is almost dead.
Joseph hits you with a quarterstaff!!
You die...

##### #####....
#####......##
#.....@.....#
......@@<..#
...........#
...........#
.......>...#
.$...........
.............)
.............##
............##


You could see Joseph (berserk) and Psyche.

Vanquished Creatures
  The ghost of ThereIsNoGod the Insei, a novice DsGl of Cheibriados (D:5)
  Sigmund (D:5)
  Edmund (D:5)
  An ice beast (D:5)
  A sky beast (D:7)
  3 phantoms
  3 centaurs
  A crocodile (D:7)
  6 giant frogs
  A scorpion (D:6)
  4 killer bees (D:7)
  A howler monkey (D:5)
  A centaur zombie (D:5)
  3 crimson imps
  2 hounds
  A jelly (D:7)
  3 orc wizards
  3 orc priests
  A centaur skeleton (D:4)
  5 giant frog skeletons
  2 iguanas
  6 worker ants
  2 big kobold zombies (Ossuary)
  2 mummies (Ossuary)
  A hound skeleton (D:5)
  2 worker ant zombies
  9 adders
  5 gnolls
  A shadow imp (D:7)
  2 oozes (D:2)
  5 adder zombies (Ossuary)
  An adder skeleton (D:4)
  7 worms
  3 dart slugs
  5 giant geckos
  25 orcs
  2 ball pythons
  6 giant cockroaches
  A gnoll zombie (Ossuary)
  11 goblins
  10 hobgoblins
  3 jackals (D:7)
  2 quokkas (D:7)
  7 bats
  3 giant newts
  2 hobgoblin zombies (Ossuary)
  A jackal zombie (D:6)
  6 kobolds
  6 kobold zombies (Ossuary)
  6 orc zombies (Ossuary)
  8 rats
  A spectral orc (D:4)
196 creatures vanquished.

Notes
Turn   | Place    | Note
--------------------------------------------------------------
     0 | D:1      | Tarnath the Minotaur Fighter began the quest for the Orb.
     0 | D:1      | Reached XP level 1. HP: 19/19 MP: 0/0
    98 | D:1      | You fall through a shaft!
   100 | D:2      | Reached XP level 2. HP: 20/27 MP: 1/1
   342 | D:1      | Reached skill level 3 in Long Blades
   541 | D:1      | Reached XP level 3. HP: 20/33 MP: 2/2
   928 | D:2      | Found a bloodstained altar of Trog.
  1004 | D:2      | Reached skill level 4 in Long Blades
  1196 | D:2      | Reached XP level 4. HP: 37/40 MP: 3/3
  1685 | D:3      | Reached skill level 5 in Long Blades
  1685 | D:3      | Reached XP level 5. HP: 47/47 MP: 4/4
  2312 | D:4      | Reached skill level 5 in Armour
  2417 | D:4      | Reached XP level 6. HP: 54/55 MP: 5/5
  2460 | D:4      | Reached skill level 5 in Fighting
  2460 | D:4      | Reached skill level 6 in Long Blades
  2638 | D:4      | Found a basalt altar of Yredelemnul.
  2924 | D:4      | Found an ancient bone altar of Kikubaaqudgha.
  3081 | D:4      | Found a staircase to the Ecumenical Temple.
  3087 | Temple   | Entered the Ecumenical Temple
  3143 | Temple   | Became a worshipper of Warmaster Okawaru
  3223 | D:4      | Found a glowing golden altar of the Shining One.
  3237 | D:4      | Reached XP level 7. HP: 61/61 MP: 6/6
  3257 | D:5      | Entered Level 5 of the Dungeon
  3307 | D:5      | Reached skill level 7 in Long Blades
  3619 | D:5      | Noticed Edmund
  3628 | D:5      | Killed Edmund
  3628 | D:5      | Reached skill level 8 in Long Blades
  3687 | D:5      | Noticed Sigmund
  3702 | D:5      | Killed Sigmund
  3702 | D:5      | Reached * piety under Okawaru
  3702 | D:5      | Reached XP level 8. HP: 59/71 MP: 7/7
  3714 | D:5      | Noticed ThereIsNoGod's ghost (novice DsGl)
  3726 | D:5      | Killed ThereIsNoGod's ghost
  3726 | D:5      | Reached ** piety under Okawaru
  3726 | D:5      | Reached skill level 9 in Long Blades
  3983 | D:5      | Found Kusu Yli's Food Shoppe.
  4065 | D:5      | Reached skill level 1 in Invocations
  4325 | D:6      | Found a radiant altar of Vehumet.
  4451 | D:6      | Found a burning altar of Makhleb.
  4533 | D:6      | Reached skill level 10 in Long Blades
  4538 | D:6      | Found a shattered altar of Ashenzari.
  4691 | D:6      | Reached XP level 9. HP: 79/79 MP: 9/9
  4979 | D:7      | Found a deep blue altar of Sif Muna.
  5008 | D:7      | Found a stormy altar of Qazlal.
  5250 | D:7      | Found a sand-covered staircase.
  5255 | Ossuary  | Entered an ossuary
  5365 | Ossuary  | Reached skill level 11 in Long Blades
  5714 | D:7      | Found a sacrificial altar of Ru.
  5869 | D:7      | Found an opulent altar of Gozag.
  5909 | D:8      | Noticed Joseph
  5909 | D:8      | Noticed Psyche
  5919 | D:8      | HP: 3/82 [Psyche/dagger of distortion (18)]
  5921 | D:8      | Demolished by Joseph

Skill      XL: |  1  2  3  4  5  6  7  8  9 |
---------------+----------------------------+-----
Long Blades    | 3 4 5 6 8 10 11 | 11.3
Fighting       | 4 5 6 7 8 |  8.5
Armour         | 4 5 6 7 8 |  8.6
Invocations    | 1 2 |  2.0
Shields        | 4 |  4.8

Action                   |  1- 3 |  4- 6 |  7- 9 || total
-------------------------+-------+-------+-------++-------
Melee: Long sword        |   100 |   186 |   339 ||   625
       Headbutt          |    10 |    26 |    77 ||   113
Invok: Heroism           |       |       |     1 ||     1
Evoke: Wand              |       |       |     1 ||     1
  Use: Scroll            |       |    11 |    13 ||    24
  Eat: Chunk             |     1 |     6 |    10 ||    17
Armor: Scale mail        |    32 |    26 |       ||    58
       Plate armour      |       |    83 |    17 ||   100
       Ring mail         |       |       |   115 ||   115
Dodge: Dodged            |    24 |    33 |    91 ||   148
Block: Shield            |    41 |    91 |   166 ||   298
